 Dungeon Crawl Stone Soup version 0.31-a0-1074-g0b22e4e0f1 (webtiles) character file.

Game seed: 18256109533686741047

37 bmb222 the Covert (level 3, -2/35 HPs)
             Began as a Gnoll Delver on Dec 4, 2023.
             Was an Initiate of Dithmenos.
             Slain by an orc
             ... wielding a +3 short sword of freezing
              (7 damage)
             ... on level 5 of the Dungeon.
             The game lasted 00:01:39 (383 turns).

bmb222 the Covert (Gnoll Delver)                     Turns: 383, Time: 00:01:39

Health: -2/35      AC:  3    Str: 13    XL:     3   Next: 41%
Magic:  4/4        EV: 13    Int:  9    God:    Dithmenos [......]
Gold:   0          SH:  0    Dex: 13    Spells: 3/3 levels left

rFire   . . .        a - +0 short sword
rCold   . . .        (no shield)
rNeg    . . .        b - +0 leather armour
rPois   .            (no helmet)
rElec   .            (no cloak)
rCorr   .            (no gloves)
SInv    .            (no boots)
Will    .....        (no amulet)
Stlth   ++++         (no ring)
HPRegen 0.25/turn    (no ring)
MPRegen 0.09/turn

%: no passive effects
@: no status effects
A: fangs 1, strong nose, distributed training
a: Renounce Religion


You were on level 5 of the Dungeon.
You worshipped Dithmenos.
Dithmenos was noncommittal.
You visited 2 branches of the dungeon, and saw 3 of its levels.

Inventory:

Hand Weapons
 a - a +0 short sword (weapon)
Armour
 b - a +0 leather armour (worn)
Wands
 g - a wand of digging (3)
Scrolls
 c - a scroll of fog
 d - a scroll of revelation


   Skills:
 + Level 6.5 Fighting
 + Level 4.5 Short Blades
 + Level 0.8 Long Blades
 + Level 0.8 Axes
 + Level 0.8 Maces & Flails
 + Level 0.8 Polearms
 + Level 0.8 Staves
 + Level 0.8 Ranged Weapons
 + Level 0.8 Throwing
 + Level 0.8 Armour
 + Level 4.5 Dodging
 + Level 9.6 Stealth
 + Level 0.8 Shields
 + Level 0.8 Unarmed Combat
 + Level 0.8 Spellcasting
 + Level 0.5 Conjurations
 + Level 0.5 Hexes
 + Level 0.5 Summonings
 + Level 0.5 Necromancy
 + Level 0.5 Translocations
 + Level 0.5 Transmutations
 + Level 0.5 Fire Magic
 + Level 0.5 Ice Magic
 + Level 0.5 Air Magic
 + Level 0.5 Earth Magic
 + Level 0.5 Poison Magic
 + Level 1.0 Invocations
 + Level 0.8 Evocations
 + Level 0.7 Shapeshifting


You had 3 spell levels left.
You didn't know any spells.
Your spell library was empty.

Dungeon Overview and Level Annotations

Branches:
Dungeon (6/15)             Temple (1/1) D:5

Altars:
Cheibriados
Dithmenos
Fedhas
Kikubaaqudgha
Makhleb
Okawaru
Qazlal
Ru
Sif Muna
Trog
Zin

Shops:
D:5 ?


Innate Abilities, Weirdness & Mutations

You have very sharp teeth.
Your uncanny sense of smell can sniff out nearby items.
Your experience applies equally to all skills.


Message History

You resist with significant effort. The orc wizard casts a spell at you.
You are confused.
The orc wizard casts a spell.
The orc wizard flickers and vanishes!
The orc wizard casts a spell at you. The magic dart hits you.
* * * LOW HITPOINT WARNING * * *
You aren't carrying any potions.
You bump into the rock wall.
Something tries to affect you, but you resist.
You bump into the rock wall.
You feel less confused.
You open the door. The orc wizard casts a spell at you.
You resist with significant effort.
There is an open door here.
You close the door.
Something unseen opens the door.
The orc wizard points at you and mumbles some strange words.
Something tries to affect you, but you resist.
You are confused.
You miss something.
You hear some strange, mumbled words.
A magic dart appears from out of thin air!
The magic dart hits you!
* * * LOW HITPOINT WARNING * * *
The orc wizard gestures at you while chanting.
You bump into the rock wall.
Something hits you.
* * * LOW HITPOINT WARNING * * *
The orc wizard points at you and mumbles some strange words.
The orc wizard casts a spell.
The orc wizard flickers and vanishes!
The gnoll attacks as it pursues you!
The gnoll hits you from afar with a +0 spear.
* * * LOW HITPOINT WARNING * * *
You feel less confused.
Something closely misses the gnoll.
You hear the quick rusting of a drain very nearby.
The orc hits you with a +3 short sword of freezing!
You die...

#.....##o.#.....#
######.....#.o#.⌠.⌠.#
#...##...o.#o.#.....#
#....#.....#..#.⌠.⌠.# #
#....'.....#..#.....#...#
#...)#.....+..#..>..#...#
#....#....##.o#.....#...+
#...##...o##..#8...8#...#
######....@#..####### ..#
#......#.......# ##
#......#....o..#
#......#......o.....# #
##....###########...#
##.##....##..O....# ..#
#.........#..###..# ..#
#.........#..# #..##...#
#.........#..# #o.$#...#


You could see 2 orcs.

Vanquished Creatures
  A jelly (D:5)
  A gnoll (D:5)
2 creatures vanquished.

Notes
Turn   | Place    | Note
-------+----------+-------------------------------------------
     0 | D:5      | Reached skill level 9 in Stealth
     0 | D:5      | bmb222 the Gnoll Delver began the quest for the Orb.
     0 | D:5      | Reached XP level 1. HP: 23/23 MP: 1/1
     7 | Temple   | Entered the Ecumenical Temple
   138 | Temple   | Became a worshipper of Dithmenos the Shadowed
   166 | D:5      | Found Jiang's Magic Scroll Shop.
   175 | D:5      | Noticed a jelly
   194 | D:5      | Reached XP level 2. HP: 16/29 MP: 2/2
   251 | D:5      | Reached skill level 1 in Invocations
   251 | D:5      | Reached XP level 3. HP: 35/35 MP: 2/4
   266 | D:5      | Noticed a scorpion
   287 | D:5      | Noticed an ogre
   383 | D:5      | Slain by an orc

Illustrated notes

Levels and vault maps discovered:
D:5:      layout_gridville, worldfamousw_hep_ancestral_shrine,
          minmay_temple_entry_from_below_b, gammafunk_ghost_grave,
          portal_sewer_entry_d, nicolae_stop_n_shop_1, sigmund_army
D:6:      layout_loops_cross, mainiacjoe_overflow_large_starburst,
          mainiacjoe_overflow_alcove_4, uniq_blork_the_orc
Temple:   grunt_temple_mini_profane

Skill      XL: |  1  2 |
---------------+-------+-----
Stealth        | |  9.6
Invocations    | 1 |  1.0
Fighting       | |  6.5
Short Blades   | |  4.5
Long Blades    | |  0.8
Axes           | |  0.8
Maces & Flails | |  0.8
Polearms       | |  0.8
Staves         | |  0.8
Ranged Weapons | |  0.8
Throwing       | |  0.8
Armour         | |  0.8
Dodging        | |  4.5
Shields        | |  0.8
Unarmed Combat | |  0.8
Spellcasting   | |  0.8
Conjurations   | |  0.5
Hexes          | |  0.5
Summonings     | |  0.5
Necromancy     | |  0.5
Translocations | |  0.5
Transmutations | |  0.5
Fire Magic     | |  0.5
Ice Magic      | |  0.5
Air Magic      | |  0.5
Earth Magic    | |  0.5
Poison Magic   | |  0.5
Evocations     | |  0.8
Shapeshifting  | |  0.7

Action                     || total
---------------------------++-------
  Melee: Short sword       ||    29
         Bite              ||     5
    Use: Scroll            ||     1
         Potion            ||     1
   Stab: Sleeping          ||     1
 Armour: Leather armour    ||    20
  Dodge: Dodged            ||    14

Table legend: (Time is in decaauts)
 A = Elapsed time spent in this place.
 B = Non-inter-level travel time spent in this place.
 C = Inter-level travel time spent in this place.
 D = Time resting spent in this place.
 E = Time spent auto-exploring this place.
 F = Levels seen in this place.
 G = Mean time per level.
                   A        B        C        D        E       F      G
               +--------+--------+--------+--------+--------+-----+--------+
         Total |    358 |    358 |      0 |     53 |      0 |   3 |  119.3 |
       Dungeon |    214 |    214 |      0 |     53 |      0 |   2 |  107.0 |
        Temple |    144 |    144 |      0 |      0 |      0 |   1 |  144.0 |
               +--------+--------+--------+--------+--------+-----+--------+

Top non-repeatable levels by time:
     D:5: 209 daAuts
  Temple: 144 daAuts
     D:6: 4 daAuts
